 Dungeon Crawl Stone Soup version 0.22-a0-571-g4a923d4 (webtiles) character file.

9385 inc the Destroyer (level 11, -1/75 (78) HPs)
             Began as an Octopode Fire Elementalist on July 1, 2018.
             Slain by a hippogriff (7 damage)
             ... on level 11 of the Dungeon.
             The game lasted 00:38:57 (14690 turns).

inc the Destroyer (Octopode Fire Elementalist)     Turns: 14690, Time: 00:38:58

HP:   -1/75 (78)    AC:  2    Str: 10      XL:     11   Next: 45%
MP:   19/22         EV: 13    Int: 25      God:    Xom [*.....]
Gold: 416           SH:  0    Dex: 10 (11) Spells: 8/24 levels left

rFire    . . .     SeeInvis .   a - +4 dagger (venom)
rCold    + . .     Gourm    .   (no shield)
rNeg     . . .     Faith    .   (helmet restricted)
rPois    .         Spirit   .   (no amulet)
rElec    .         Reflect  .   e - ring of protection from cold
rCorr    .         Harm     .   (no ring)
MR       +....     Clarity  +   (no ring)
Stlth    +++.......             (no ring)
HPRegen  0.22/turn              (no ring)
MPRegen  0.18/turn              (no ring)
                                (no ring)
                                (no ring)

@: brilliant, berserk cooldown, very slightly contaminated, slowed, very slow
A: almost no armour, stealthy swim, amphibious, 8 rings, constrict 8, tentacle
spike 1, rugged brown scales 1, camouflage 1, clarity, clumsy 1, magic
resistance 1, strong 1, wild magic 1, gelatinous body 1
a: Renounce Religion


You were on level 11 of the Dungeon.
You worshipped Xom.
You were a special plaything of Xom.
You were very hungry.

You visited 2 branches of the dungeon, and saw 12 of its levels.

You collected 566 gold pieces.
You spent 150 gold pieces at shops.

Inventory:

Hand Weapons
 a - a +4 dagger of venom (weapon)
 g - a +2 dagger of holy wrath
 J - a +1 rapier of speed
Magical Staves
 F - an uncursed staff of air
Jewellery
 e - a ring of protection from cold (left tentacle)
 K - an uncursed ring of ice
Wands
 n - a wand of random effects (50)
 p - a wand of flame (62)
 x - a wand of polymorph (2)
 z - a wand of acid (11)
 B - a wand of paralysis (12)
 E - a wand of clouds (4)
Scrolls
 c - 4 scrolls of teleportation
 i - a scroll of blinking
 j - 3 scrolls of remove curse
 m - a scroll of amnesia
 s - 3 scrolls of magic mapping
 t - 3 scrolls of identify
 y - 2 scrolls of random uselessness
 G - a scroll of noise {unknown}
 H - a scroll of enchant weapon
 I - 3 scrolls of fog {unknown}
Potions
 d - 3 potions of cancellation
 f - 3 potions of lignification
 h - a potion of resistance
 k - 3 potions of curing
 l - 2 potions of haste
 q - a potion of agility
 u - a potion of magic
 v - a potion of heal wounds {unknown}
 w - a potion of flight {unknown}
 A - 2 potions of might {unknown}
 C - 2 potions of brilliance
 D - a potion of mutation {unknown}
Comestibles
 b - 6 rations


   Skills:
 + Level 7.7 Fighting
 - Level 2.0 Dodging
 - Level 2.6 Stealth
 - Level 7.4 Spellcasting
 - Level 10.0 Conjurations
 - Level 10.0 Fire Magic


You had 8 spell levels left.
You knew the following spells:

 Your Spells              Type           Power        Failure   Level  Hunger
a - Flame Tongue          Conj/Fire      #####        1%          1    None
b - Conjure Flame         Conj/Fire      #######.     1%          3    None
c - Sticky Flame          Conj/Fire      #######.     1%          4    ###....
d - Inner Flame           Hex/Fire       ######..     1%          3    None
f - Fireball              Conj/Fire      #######...   1%          5    #####..

Your spell library contained the following spells:

 Spells                   Type           Power        Failure   Level  Hunger
 Apportation              Tloc           ####..       1%          1    None
 Confuse                  Hex            ####....     3%          3    None
 Throw Flame              Conj/Fire      ######       1%          2    None
 Summon Small Mammal      Summ           ####         1%          1    None
 Animate Skeleton         Necr           N/A          1%          1    None
 Tukima's Dance           Hex            ####....     3%          3    None
 Spider Form              Tmut/Pois      ####......   3%          3    None
 Blade Hands              Tmut           ####......   22%         5    #####..
 Ice Form                 Ice/Tmut       ####....     10%         4    ###....
 Confusing Touch          Hex            ####..       1%          1    None
 Sticks to Snakes         Tmut           ####....     1%          2    None
 Ensorcelled Hibernation  Hex/Ice        ####..       1%          2    None
 Metabolic Englaciation   Hex/Ice        ####......   22%         5    #####..
 Corona                   Hex            ####...      1%          1    None
 Petrify                  Tmut/Erth      ####....     10%         4    ###....
 Beastly Appendage        Tmut           ####..       1%          1    None
 Dazzling Spray           Conj/Hex       ######       1%          3    None
 Gell's Gravitas          Tloc           ####......   3%          3    None
 Yara's Violent Unravell  Hex/Tmut       ####......   22%         5    #####..


Dungeon Overview and Level Annotations

Branches:
Dungeon (11/15)            Temple (1/1) D:4             Orc (0/2) D:10
   Lair: D:8-11

Altars:
Cheibriados
Dithmenos
Elyvilon
Fedhas
Gozag
Hepliaklqana
Kikubaaqudgha
Makhleb
Nemelex Xobeh
Okawaru
Qazlal
Ru
Sif Muna
Trog
Uskayaw
Vehumet
Wu Jian
Xom
Yredelemnul
Zin
Beogh

Shops:
D:4 ?

Annotations:
D:3 1 runed door, iamserjio's ghost, amateur GrFi
D:6 3 runed doors, tstbtto's ghost, novice CeBe


Innate Abilities, Weirdness & Mutations

You cannot wear most types of armour.
You are very stealthy in the water. (Stealth+)
You are amphibious.
You can wear up to eight rings at the same time.
You can use your tentacles to constrict eight enemies at once.
Your skin changes colour to match your surroundings (Stealth+).
Your rubbery body absorbs attacks. (AC +1, EV +1)
One of your tentacles bears a spike.
You are partially covered in rugged brown scales. (AC +1, +3% HP)
You possess an exceptional clarity of mind.
You are clumsy. (Dex -2)
You are resistant to hostile enchantments. (MR+)
Your muscles are strong. (Str +2)
Your spells are a little harder to cast, but a little more powerful.


Message History

Casting: Fireball (safe; 1% risk of failure)
Confirm with . or Enter, or press ? or * to list all spells.
Aiming: Conjure Flame (safe; 1% risk of failure)
Press: ? - help, Dir - move target cursor
Okay, then.
Casting: Conjure Flame (safe; 1% risk of failure)
Confirm with . or Enter, or press ? or * to list all spells.
Aiming: Fireball (safe; 1% risk of failure)
Press: ? - help, Shift-Dir - straight line, f - hippogriff
Aim: a hippogriff
Okay, then.
Casting: Fireball (safe; 1% risk of failure)
Confirm with . or Enter, or press ? or * to list all spells.
Aiming: Conjure Flame (safe; 1% risk of failure)
Press: ? - help, Dir - move target cursor The fire ignites!
The hippogriff is engulfed in blazing flames.
The hippogriff bites you!
You die...
Xom guffaws!

.......<(...##...
#.......(..).....
.........5.......
.................
.#...[...........
##...##...).....
#>.# ###l.)†...
##....##H#..... #
#!.?@#.....
######...%.


You could see a hippogriff, an iguana and a crimson imp.

Vanquished Creatures
  Fannar (D:10)
  An unseen horror (D:10)
  An orc knight (D:10)
  A manticore (D:11)
  A troll (D:10)
  Grinder (D:4)
  Prince Ribbit (D:5)
  2 hippogriffs
  8 yaks
  Eustachio (D:6)
  Menkaure (D:6)
  An acid dragon (D:10)
  Edmund (D:5)
  6 orc warriors
  A black bear (D:10)
  A sky beast (D:8)
  3 ice beasts
  A necrophage (D:10)
  4 centaurs
  3 ogres
  2 phantoms
  A big kobold (D:11)
  Blork the orc (D:4)
  4 bullfrogs
  2 scorpions
  11 killer bees
  3 howler monkeys (D:9)
  6 crimson imps
  A bullfrog zombie (D:8)
  A quasit (D:11)
  A jelly (D:8)
  7 orc wizards
  3 hounds
  A centaur skeleton (D:4)
  6 orc priests
  A gnoll shaman (D:9)
  A bullfrog skeleton (D:6)
  Natasha (thrice) (D:2)
  8 worker ants
  2 iguanas
  A hound skeleton (D:9)
  A worker ant zombie (D:7)
  13 gnolls
  3 adders
  A shadow imp (D:6)
  An ooze (D:2)
  2 worms
  A dart slug (D:3)
  7 leopard geckos
  47 orcs
  4 giant cockroaches
  2 goblins (D:3)
  10 hobgoblins
  9 jackals
  3 quokkas
  2 bats (D:2)
  7 frilled lizards
  8 kobolds
  A quokka zombie (D:9)
  3 rats
231 creatures vanquished.

Vanquished Creatures (collateral kills)
  3 yaks (D:10)
  3 wights (D:10)
  A crimson imp (D:7)
  An orc (D:10)
  A jackal (D:6)
9 creatures vanquished.

Grand Total: 240 creatures vanquished

Notes
Turn   | Place    | Note
-------+----------+-------------------------------------------
     0 | D:1      | inc the Octopode Fire Elementalist began the quest for the Orb.
     0 | D:1      | Reached XP level 1. HP: 11/11 MP: 3/3
   627 | D:1      | You fall through a shaft!
   640 | D:3      | Reached XP level 2. HP: 17/17 MP: 5/5
   687 | D:3      | Found a runed door.
   687 | D:3      | Found a shimmering altar of Xom.
   687 | D:3      | Noticed iamserjio's ghost (amateur GrFi)
   687 | D:3      | Noticed a flail of chaos
   721 | D:3      | Found a sacrificial altar of Ru.
   753 | D:3      | Found a bloodstained altar of Trog.
  1229 | D:2      | Reached XP level 3. HP: 21/21 MP: 6/6
  1648 | D:2      | Noticed Natasha
  1652 | D:2      | Killed Natasha
  1652 | D:2      | Reached XP level 4. HP: 17/27 MP: 4/7
  1744 | D:2      | Noticed Natasha
  1750 | D:2      | Killed Natasha
  1887 | D:2      | Found a blossoming altar of Fedhas.
  1921 | D:2      | Noticed Natasha
  1938 | D:2      | Killed Natasha
  1938 | D:2      | Reached XP level 5. HP: 10/31 MP: 3/8
  2492 | D:3      | Found a basalt altar of Yredelemnul.
  2569 | D:4      | Found an iron altar of Okawaru.
  2722 | D:4      | Noticed Blork the orc
  2840 | D:4      | Learned a level 3 spell: Conjure Flame
  2845 | D:4      | Learned a level 4 spell: Sticky Flame
  2861 | D:5      | Entered Level 5 of the Dungeon
  3153 | D:4      | Noticed Grinder
  3475 | D:5      | Reached XP level 6. HP: 13/36 MP: 6/10
  3667 | D:5      | Noticed Edmund
  3699 | D:5      | Killed Edmund
  3866 | D:5      | Noticed Prince Ribbit
  3902 | D:6      | Noticed an ice beast
  4412 | D:4      | Reached XP level 7. HP: 34/41 MP: 8/13
  4472 | D:4      | Found a staircase to the Ecumenical Temple.
  4481 | Temple   | Entered the Ecumenical Temple
  4491 | Temple   | Became a worshipper of Xom of Chaos
  4512 | D:4      | Killed Grinder
  4512 | D:4      | Reached skill level 5 in Conjurations
  4512 | D:4      | Reached skill level 5 in Fire Magic
  4576 | D:4      | XOM: harmless Chrm miscast
  4646 | D:4      | Found Ryf Hol's Magic Scroll Boutique.
  4660 | D:4      | Bought a scroll of magic mapping for 42 gold pieces
  4660 | D:4      | Bought a scroll of teleportation for 36 gold pieces
  4660 | D:4      | Bought a scroll of identify for 24 gold pieces
  4660 | D:4      | Bought a scroll of identify for 24 gold pieces
  4660 | D:4      | Bought a scroll of identify for 24 gold pieces
  4757 | D:4      | Found a sparkling altar of Nemelex Xobeh.
  4800 | D:4      | Killed Blork the orc
  4955 | D:4      | XOM: harmless Conj miscast
  4961 | D:4      | XOM: potion effect (magic)
  5233 | D:5      | XOM: divination: magic mapping
  5415 | D:5      | XOM: enchant monster (good)
  5442 | D:5      | Your ally died
  5442 | D:5      | Reached XP level 8. HP: 45/46 MP: 14/14
  5451 | D:6      | Noticed a yak
  5453 | D:6      | XOM: summons friendly red devil
  5461 | D:5      | XOM: confusion
  5463 | D:5      | Killed a yak
  5528 | D:5      | XOM: summons 3 hostile demons
  5534 | D:6      | Noticed a yak
  5534 | D:6      | Noticed a yak
  5593 | D:5      | XOM: give mutations
  5593 | D:5      | Gained mutation: Your spells are a little harder to cast, but a little more powerful. [Xom's grace]
  5593 | D:5      | Gained mutation: You are resistant to hostile enchantments. (MR+) [Xom's grace]
  5593 | D:5      | Gained mutation: You are agile. (Dex +2) [Xom's grace]
  5593 | D:5      | Gained mutation: You are partially covered in rugged brown scales. (AC +1, +3% HP) [Xom's grace]
  5595 | D:5      | XOM: give mutation
  5595 | D:5      | Gained mutation: Your muscles are strong. (Str +2) [Xom's grace]
  5678 | D:5      | XOM: divination: detect items
  5709 | D:5      | XOM: scenery: create altars
  5856 | D:5      | Found a stormy altar of Qazlal.
  5896 | D:6      | Noticed Menkaure
  5900 | D:6      | Killed Menkaure
  5982 | D:6      | Killed a yak
  5983 | D:6      | XOM: cast spell 'Discord'
  5989 | D:6      | HP: 2/47 [yak (20)]
  6281 | D:5      | XOM: scenery: 1 doors close
  6298 | D:6      | Killed a yak
  6298 | D:6      | Reached XP level 9. HP: 51/52 MP: 2/15
  6314 | D:6      | XOM: cleaving
  6461 | D:5      | Learned a level 3 spell: Inner Flame
  6484 | D:6      | Found a runed gate.
  6485 | D:6      | Found a runed gate.
  6486 | D:6      | Found a runed gate.
  6493 | D:6      | Noticed Eustachio
  6494 | D:6      | Noticed tstbtto's ghost (novice CeBe)
  6502 | D:6      | XOM: fake destruction
  6680 | D:6      | XOM is BORED!
  6680 | D:6      | XOM: summons 1 hostile demon
  6761 | D:6      | XOM: 1-stop teleportation journey
  7256 | D:7      | XOM: 5-stop teleportation journey
  7298 | D:7      | Found a burning altar of Makhleb.
  7307 | D:7      | Found a hide-covered altar of Uskayaw.
  7308 | D:7      | Found an ornate altar of the Wu Jian Council.
  7309 | D:7      | Found a snail-covered altar of Cheibriados.
  7312 | D:7      | Found a deep blue altar of Sif Muna.
  7313 | D:7      | Found a radiant altar of Vehumet.
  7368 | D:7      | XOM: give mutation
  7368 | D:7      | Gained mutation: One of your tentacles bears a spike. [Xom's grace]
  7514 | D:7      | XOM: summons 9 friendly demons
  7571 | D:7      | XOM: give mutations
  7571 | D:7      | Lost mutation: You are agile. (Dex +2) [Xom's mischief]
  7571 | D:7      | Gained mutation: You are clumsy. (Dex -2) [Xom's mischief]
  7571 | D:7      | Gained mutation: You possess an exceptional clarity of mind. [Xom's mischief]
  7571 | D:7      | Lost mutation: You are clumsy. (Dex -2) [Xom's mischief]
  8672 | D:7      | XOM: mild Ice miscast
  8705 | D:6      | XOM: smoke on damage
  8719 | D:6      | XOM: summons 2 hostile demons
  9141 | D:6      | XOM: summons friendly white imp
  9149 | D:6      | Killed Eustachio
  9251 | D:6      | XOM: summons 4 hostile demons
  9366 | D:8      | XOM: god gift: wand of clouds (4)
  9379 | D:8      | Reached XP level 10. HP: 27/57 MP: 9/16
  9537 | D:8      | XOM: 7-stop teleportation journey
  9572 | D:8      | XOM: scenery: create altars
  9627 | D:8      | XOM: harmless Air miscast
  9862 | D:8      | XOM: scenery: create altars
  9889 | D:8      | Reached skill level 10 in Conjurations
  9952 | D:8      | XOM: harmless Chrm miscast
  9965 | D:8      | Reached skill level 10 in Fire Magic
 10105 | D:9      | XOM: god gift: metallic red potion {god gift}
 10348 | D:9      | XOM: scenery: 1 doors close
 10504 | D:9      | XOM: cleaving
 10610 | D:9      | Reached skill level 5 in Spellcasting
 11283 | D:9      | XOM is BORED!
 11489 | D:9      | XOM: divination: detect items
 11690 | D:9      | XOM: harmless Air miscast
 11807 | D:8      | Learned a level 5 spell: Fireball
 12134 | D:8      | XOM: mild Fire miscast
 12535 | D:10     | Entered Level 10 of the Dungeon
 12613 | D:10     | XOM: smoke on damage
 12614 | D:10     | Noticed an unseen horror
 12617 | D:10     | XOM: harmless Tloc miscast
 12618 | D:10     | Killed an unseen horror
 12624 | D:10     | XOM: noise
 12626 | D:10     | XOM: harmless Fire miscast
 12845 | D:10     | XOM: harmless Hex miscast
 12850 | D:10     | Reached skill level 1 in Fighting
 13167 | D:10     | Reached XP level 11. HP: 69/69 MP: 11/22
 13225 | D:10     | XOM: repel stairs
 13238 | D:10     | XOM: summons friendly ufetubus
 13265 | D:10     | XOM: summons friendly iron imp
 13410 | D:9      | XOM: noise
 13413 | D:9      | XOM: give mutation
 13413 | D:9      | Gained mutation: You are clumsy. (Dex -2) [Xom's mischief]
 13737 | D:10     | Found a roughly hewn altar of Beogh.
 13737 | D:10     | Found a staircase to the Orcish Mines.
 13737 | D:10     | XOM: 2-stop teleportation journey
 13856 | D:10     | Reached skill level 5 in Fighting
 13964 | D:10     | Noticed an orc knight
 13985 | D:10     | Killed an orc knight
 14303 | D:10     | Noticed Fannar
 14342 | D:10     | XOM: mild Air miscast
 14362 | D:10     | XOM: enchant monster (good)
 14371 | D:10     | Killed Fannar
 14567 | D:10     | XOM: mild Necr miscast
 14662 | D:11     | Noticed a manticore
 14664 | D:11     | XOM: cast spell 'Alistair's Intoxication'
 14672 | D:11     | XOM: polymorph adder -> worker ant
 14678 | D:11     | HP: 4/111 [manticore (6)]
 14679 | D:11     | XOM: blink monster(s)
 14682 | D:11     | Killed a manticore
 14690 | D:11     | Slain by a hippogriff

Vault maps used:
D:1:      nagdon_arrival_double_spiral
D:2:      fedhas_altar_4, minmay_misc_feat_ornament, st_stairs_4, uniq_natasha
D:3:      nicolae_ru_awakened_eye, nicolae_overflow_crystal_walls,
          ebering_ghost_xom, minmay_misc_feat_hallway, yredelemnul_altar_generic
D:4:      nemelex_altar_shiori, minmay_temple_entry_crystal_x, serial_shops,
          nicolae_shop_statue_plus, kennysheep_nondescript,
          okawaru_altar_gauntlet_db, uniq_grinder, uniq_blork_the_orc
D:5:      lemuel_upstairs_altar, first_ration, bh_walls_and_bars,
          uniq_prince_ribbit1, uniq_edmund
D:6:      ebering_ghost_rock_garden, uniq_menkaure, uniq_eustachio
D:7:      minitemple
D:8:      nicolae_whirlpool
D:10:     david_orc_5, uniq_fannar
D:11:     david_lair_shrubbed, serial_shops, shop
Temple:   nicolae_temple_x_marks_the_god

Skill      XL: |  1  2  3  4  5  6  7  8  9 10 11 |
---------------+----------------------------------+-----
Conjurations   | 2 3 4 6 7 9 10 | 10.0
Spellcasting   | 3 4 7 |  7.4
Fire Magic     | 4 6 7 9 10 | 10.0
Fighting       | 3 7 |  7.7
Dodging        | |  2.0
Stealth        | |  2.6

Action                   |  1- 3 |  4- 6 |  7- 9 | 10-12 || total
-------------------------+-------+-------+-------+-------++-------
Melee: Dagger            |    48 |    61 |   101 |    56 ||   266
       Unarmed           |     6 |       |       |       ||     6
       Constrict         |    12 |    24 |    21 |    12 ||    69
       Tentacles         |     8 |    11 |    18 |    10 ||    47
       Kick              |       |       |     8 |    17 ||    25
 Cast: Flame Tongue      |     2 |    37 |    90 |   179 ||   308
       Conjure Flame     |       |     1 |       |    10 ||    11
       Sticky Flame      |       |       |    23 |    13 ||    36
       Fireball          |       |       |       |    16 ||    16
       Inner Flame       |       |       |       |     5 ||     5
  Use: Scroll            |       |    10 |     4 |     4 ||    18
       Potion            |       |     1 |       |     3 ||     4
 Stab: Sleeping          |     9 |     2 |     4 |     3 ||    18
       Distracted        |       |       |     2 |       ||     2
  Eat: Chunk             |     2 |     6 |    14 |    10 ||    32
       Ration            |       |     1 |     2 |     3 ||     6
Armor: Skin              |     1 |     6 |    17 |    13 ||    37
Dodge: Dodged            |    28 |    57 |   134 |    98 ||   317

Table legend:
 A = Spawn XP
 B = Non-spawn XP
 C = Spawn XP percentage of total XP
 D = Spawn monster count
 E = Non-spawn monster count
 F = Spawn count percentage of total count
 G = Total turns spent on level
                    A         B        C        D         E        F      G
               +---------+---------+-------+---------+---------+-------+---------
         Total |       0 |   13408 |   0.0 |       0 |     240 |   0.0 | 14690
               +---------+---------+-------+---------+---------+-------+---------
           D:1 |       0 |      14 |   0.0 |       0 |       9 |   0.0 |   968
           D:2 |       0 |     162 |   0.0 |       0 |      21 |   0.0 |  1051
           D:3 |       0 |      36 |   0.0 |       0 |      16 |   0.0 |   702
           D:4 |       0 |     658 |   0.0 |       0 |      24 |   0.0 |  1422
           D:5 |       0 |     765 |   0.0 |       0 |       8 |   0.0 |  2316
           D:6 |       0 |    1478 |   0.0 |       0 |      23 |   0.0 |   947
           D:7 |       0 |    1037 |   0.0 |       0 |      24 |   0.0 |  1152
           D:8 |       0 |    1706 |   0.0 |       0 |      24 |   0.0 |  2286
           D:9 |       0 |    1507 |   0.0 |       0 |      32 |   0.0 |  1971
          D:10 |       0 |    5310 |   0.0 |       0 |      50 |   0.0 |  1817
          D:11 |       0 |     735 |   0.0 |       0 |       9 |   0.0 |    37
               +---------+---------+-------+---------+---------+-------+---------
